 Dungeon Crawl Stone Soup version 0.17.1-1-g73c8601 (webtiles) character file.

334355 icedcoffee the Impaler (level 20, -27/162 HPs)
             Began as a Demonspawn Berserker on Jan 2, 2016.
             Was an Elder of Trog.
             Annihilated by a stone giant (46 damage)
             ... summoned by a boggart
             ... on level 2 of the Vaults on Jan 5, 2016.
             The game lasted 05:46:25 (47215 turns).

icedcoffee the Impaler (Demonspawn Berserker)      Turns: 47215, Time: 05:46:27

Health: -27/162    AC: 35    Str: 18    XL:     20   Next: 94%
Magic:  31/31      EV: 13    Int: 13    God:    Trog [****..]
Gold:   3255       SH: 10    Dex: 21    Spells: 0 memorised, 21 levels left

rFire  + + .     SeeInvis +     T - +9 Sword of Zonguldrok {reap, *Curse}
rCold  . . .     Clarity  .     Z - +5 plate armour {rF+}
rNeg   + . .     SustAt   .     c - +0 shield
rPois  +         Gourm    .     x - +2 hat {MR+}
rElec  +         Spirit   .     y - +2 cloak {MR+}
rCorr  .         Warding  .     s - +2 pair of gloves of the Special Tales {Regen+ MP+9}
rMut   .         Stasis   .     (boots unavailable)
MR     ++++.                    e - amulet of faith {Faith, !P}
Stlth  ..........               q - +3 ring of evasion
                                Q - ring of Shadows {Umbra +Inv rN+ SInv}

@: exhausted, slowed, wreathed by umbra, studying Evocations, very slow,
incredibly resistant to hostile enchantments, extremely unstealthy
A: hooves 3, horns 1, slimy green scales 3, clever 2, fire resistance 1, magic
resistance 1, screaming 1, electricity resistance, spiny 2, augmentation 1,
flame cloud immunity
a: Berserk, Trog's Hand, Brothers in Arms, Burn Spellbooks, Renounce Religion,
Evoke Invisibility
}: 2/15 runes: serpentine, barnacled


You were on level 2 of the Vaults.
You worshipped Trog.
Trog was greatly pleased with you.
You were not hungry.

You visited 7 branches of the dungeon, and saw 39 of its levels.
You also visited: Ossuary, Volcano and Wizlab.

You collected 4896 gold pieces.
You spent 1641 gold pieces at shops.

Inventory:

Hand Weapons
 n - the +5 trident of Forced Transition {pierce, rC+ Str+7}
   (You found it on level 7 of the Lair of Beasts)

   It inflicts extra damage upon your enemies.
   It affects your strength (+7).
   It protects you from cold.
 G - the +6 rapier "Concordance" {freeze, *Confuse rN++ Dex+3}
   (You found it on level 8 of the Lair of Beasts)

   It has been specially enchanted to freeze those struck by it, causing extra
   injury to most foes and up to half again as much damage against particularly
   susceptible opponents.
   It can also slow down cold-blooded creatures.
   It affects your dexterity (+3).
   It greatly protects you from negative energy.
   It may confuse you when you take damage.
 T - the +9 Sword of Zonguldrok (weapon) {reap, *Curse}
   (You found it in a wizard's laboratory)

   If a monster killed with it leaves a corpse in good enough shape, the corpse
   will be animated as a zombie friendly to the killer.
   It may re-curse itself when equipped.
Missiles
 u - 8 exploding tomahawks
 I - 39 javelins of penetration
 V - 21 javelins of returning (quivered)
Armour
 c - a +0 shield (worn)
   (You took it off Asterion on level 14 of the Dungeon)
 s - the +2 pair of gloves of the Special Tales (worn) {Regen+ MP+9}
   (You acquired it on level 4 of the Snake Pit)

   It affects your magic capacity (+9).
   It increases your rate of regeneration.
 x - a +2 hat of magic resistance (worn)
   (You took it off Gastronok on level 9 of the Dungeon)
 y - a +2 cloak of magic resistance (worn)
   (You took it off Crazy Yiuf on level 3 of the Dungeon)
 Z - a +5 plate armour of fire resistance (worn)
   (You found it in a volcano)
Jewellery
 e - an amulet of faith (around neck) {Faith, !P}
   (You acquired it on level 14 of the Dungeon)
 m - an uncursed ring of flight {+Fly, !d}
   (You acquired it on level 14 of the Dungeon)
 q - a +3 ring of evasion (right hand)
   (You bought it in a shop on level 2 of the Snake Pit)
 r - an uncursed amulet of resist mutation {rMut, !d}
   (You bought it in a shop on level 4 of the Orcish Mines)
 A - an uncursed amulet of regeneration {+regen, !d}
   (You found it on level 2 of the Shoals)
 E - an uncursed ring of sustain attributes
   (You took it off a deep elf annihilator on level 3 of the Elven Halls)
 J - an uncursed amulet of stasis {Stasis, !d}
   (You bought it in a shop on level 4 of the Orcish Mines)
 Q - the ring of Shadows (left hand) {Umbra +Inv rN+ SInv}
   (You found it on level 3 of the Elven Halls)

   [ring of invisibility]

   It protects you from negative energy.
   It lets you see invisible.
   It lets you turn invisible.
Wands
 o - a wand of polymorph (9)
   (You found it on level 3 of the Elven Halls)
 p - a wand of paralysis (2)
   (You found it on level 4 of the Shoals)
 v - a wand of confusion (18)
   (You found it on level 4 of the Dungeon)
 w - a wand of digging (12)
   (You found it on level 8 of the Dungeon)
 L - a wand of heal wounds (7)
   (You found it on level 3 of the Snake Pit)
 Y - a wand of invisibility (6)
   (You found it on level 12 of the Dungeon)
Scrolls
 g - 2 scrolls of fear
 h - 4 scrolls of blinking {!r}
 k - 22 scrolls of remove curse
 l - 2 scrolls of enchant weapon
 t - 14 scrolls of teleportation
 z - 11 scrolls of identify
 F - 2 scrolls of summoning
 P - 9 scrolls of magic mapping {!r}
 R - a scroll of fog
 X - a scroll of vulnerability {!r!r}
Potions
 a - 7 potions of agility
 d - a potion of cancellation
 B - 5 potions of flight
 C - 3 potions of haste
 M - a potion of berserk rage {!q}
 N - 9 potions of curing
 S - 2 potions of brilliance
 W - a potion of heal wounds
Books
 b - a manual of Evocations {!d}
   (You found it on level 3 of the Elven Halls)
Miscellaneous
 O - a plain deck of summoning
   (You found it on level 1 of the Vaults)
 U - a plain deck of wonders
   (You found it on level 1 of the Vaults)
Comestibles
 f - 9 meat rations {@e2}
 i - a beef jerky
 j - 3 royal jellies
 D - 9 bread rations {@e1}
 H - 9 slices of pizza
 K - 14 fruits


   Skills:
 + Level 15.2 Fighting
 - Level 3.1(6.0) Short Blades
 * Level 8.0(8.3) Long Blades
   Level 3.9(13.4) Axes
 - Level 19.1(19.2) Polearms
   Level 1.0 Crossbows
 + Level 13.2 Throwing
 + Level 15.5 Armour
 + Level 8.4 Dodging
 - Level 1.9 Stealth
 * Level 5.1 Shields
 + Level 1.5 Unarmed Combat
 + Level 1.0 Spellcasting
 + Level 2.8 Evocations


You had 21 spell levels left.
You didn't know any spells.

Dungeon Overview and Level Annotations

Branches:
Dungeon (14/15)            Temple (0/1) D:6            Lair (8/8) D:11
 Shoals (4/4) Lair:3        Snake (4/4) Lair:4        Slime (0/6) Lair:6
    Orc (4/4) D:12            Elf (3/3) Orc:3        Vaults (2/5) D:14
  Crypt: Vaults:2-3

Altars:
Ashenzari
Elyvilon
Nemelex Xobeh
Sif Muna
Trog
Xom
Yredelemnul
The Shining One
Beogh

Shops:
D:7 =   Orc:1 ?   Orc:2 (   Orc:4 [(=:   Elf:2 =   Snake:2 %*?[*   Vaults:2 (

Portals:
Trove: Vaults:1 (give +4 fire dragon armour)

Annotations:
D:10 Stash NW corner
D:14 vaults
Lair:3 Shoals e
Lair:4 Snake Pit
Lair:7 stash bottom
Orc:3 Elven Halls
Elf:3 Stash NNE
Vaults:1 +4 fire drag treasure lock thing + fire/col prot rings


Innate Abilities, Weirdness & Mutations

You have hooves in place of feet.
You are completely covered in slimy green scales (AC +4, rPois).
Your flesh is heat resistant.
You are mostly covered in sharp spines.
Your magical and physical power is slightly enhanced at high health.
You are immune to clouds of flame.
You have a pair of small horns on your head.
Your mind is very acute. (Int +4)
You are resistant to hostile enchantments.
You occasionally shout uncontrollably at your foes.
You are resistant to electric shocks.


Message History

The boggart is struck by your spines.
The boggart hits you but does no damage.
The boggart hits your ogre zombie.
The brown ugly thing basks in the mutagenic energy from its kin and changes!
Wiglaf misses you.
The boggart mumbles some strange words.
The boggart blinks!
The orc knight misses you. The stone giant hits you.
You take 2 damage, and have 120/243 hp.
You cut the boggart into ribbons!!!
You kill the boggart!
Trog accepts your kill.
Trog appreciates your killing of a magic user.
The boggart dissolves into shadows! x3
The spiny frog dissolves into shadows!
The vault sentinel dissolves into shadows!
The deep elf fighter dissolves into shadows!
The deep elf priest dissolves into shadows!
The deep elf fighter dissolves into shadows! x2
The brown ugly thing dissolves into shadows! x4
You block the white ugly thing's attack.
The ironbrand convoker hits you but does no damage.
The red very ugly thing is struck by your spines.
The red very ugly thing stings you. Wiglaf barely misses you.
You barely miss the red very ugly thing.
The white ugly thing dissolves into shadows!
The ironbrand convoker dissolves into shadows!
The brown ugly thing dissolves into shadows!
The ironheart preserver dissolves into shadows!
You block the ironheart preserver's attack.
The stone giant misses you.
The white ugly thing basks in the mutagenic energy from its kin and changes!
The orc knight barely misses you.
Your ogre zombie hits the red very ugly thing with a halberd!
The red very ugly thing dies!
The red very ugly thing's corpse dissolves into shadows!
The white ugly thing is struck by your spines.
The white ugly thing closely misses you.
You slice the ironheart preserver!! You kick the ironheart preserver.
You headbutt the ironheart preserver!! Wiglaf is struck by your spines.
Wiglaf closely misses you.
The ironbrand convoker points at the boggart and mumbles some strange words.
The boggart seems to grow stronger.
The purple ugly thing basks in the mutagenic energy from its kin and changes!
The boggart casts a spell.
The stone giant hits you!
You take 15 damage, and have 106/243 hp.
You slice the ironheart preserver!! You kick the ironheart preserver.
Wiglaf hits you with a battleaxe of flaming!
The white ugly thing basks in the mutagenic energy from its kin and changes! x2
The white very ugly thing is struck by your spines.
The white very ugly thing misses you.
The orc knight hits you but does no damage.
The ironheart preserver casts a spell.
The ironheart preserver begins to accept its allies' injuries.
Your ogre zombie barely misses the white very ugly thing.
The ironbrand convoker is struck by your spines.
The ironbrand convoker closely misses you.
The ironbrand convoker gestures at the orc warrior while chanting.
The orc warrior seems to grow stronger.
You block the stone giant's attack.
You take 6 damage, and have 100/243 hp.
You slash the ironheart preserver! You kick the ironheart preserver!
You block Wiglaf's attack.
The ironheart preserver barely misses you.
You block the orc knight's attack.
You regained 2 hp, and now have 102/243 hp.
You slice the ironheart preserver!!
You feel the power of Trog in you as your rage grows.
You kill the ironheart preserver!
Trog accepts your kill.
Trog appreciates your killing of a magic user.
Your Long Blades skill increases to level 8!
The stone giant is struck by your spines.
The stone giant hits you but does no damage.
The ironbrand convoker closely misses you.
Your ogre zombie hits the red ugly thing with a halberd!
Wiglaf is struck by your spines.
Wiglaf hits you with a battleaxe of flaming!
The red ugly thing punches your ogre zombie!
Your ogre zombie is engulfed in flames!!
You take 14 damage, and have 88/243 hp.
You slice Wiglaf!! You kick Wiglaf.
You feel the effects of Trog's Hand fading.
The orc knight completely misses you. You block the stone giant's attack.
The white very ugly thing pecks you but does no damage.
The cyan ugly thing closely misses you.
You block the white ugly thing's attack.
Wiglaf barely misses you.
You slice Wiglaf!! You kick Wiglaf.
The boggart casts a spell.
The red ugly thing punches you but does no damage.
Your ogre zombie closely misses the red ugly thing.
The orc knight is struck by your spines.
The orc knight hits you but does no damage.
You regained 2 hp, and now have 91/243 hp.
You hit Wiglaf. You headbutt Wiglaf. You block Wiglaf's attack.
The stone giant is struck by your spines.
The stone giant hits you!
The white very ugly thing is struck by your spines.
The white very ugly thing pecks you!
* * * LOW HITPOINT WARNING * * *
The white very ugly thing freezes you!!
* * * LOW HITPOINT WARNING * * *
The white ugly thing is struck by your spines.
The white ugly thing barely misses you.
The cyan ugly thing tail-slaps you but does no damage.
The red ugly thing closely misses you.
You take 41 damage, and have 50/243 hp.
You slice Wiglaf!! You kick Wiglaf. Wiglaf is struck by your spines.
Wiglaf hits you with a battleaxe of flaming!
* * * LOW HITPOINT WARNING * * *
The ironbrand convoker casts a spell at the ironbrand convoker.
The ironbrand convoker seems to grow stronger.
The boggart mumbles some strange words.
The orc knight hits you with a dire flail!!
* * * LOW HITPOINT WARNING * * *
The stone giant is struck by your spines.
The stone giant hits you but does no damage.
The white ugly thing basks in the mutagenic energy from its kin and changes!
Your ogre zombie closely misses the red ugly thing.
The cyan ugly thing is struck by your spines.
The cyan ugly thing barely misses you.
The white very ugly thing is struck by your spines.
The white very ugly thing barely misses you.
The stone giant is struck by your spines.
The stone giant hits you.
* * * LOW HITPOINT WARNING * * *
The red ugly thing barely misses you.
You take 47 damage, and have 3/243 hp.
You cut Wiglaf into ribbons!!!
You kill Wiglaf!
Trog accepts your kill.
Wiglaf turns into a zombie!
The boggart gestures wildly while chanting.
The boggart flickers and vanishes for a moment.
The ironbrand convoker hits Wiglaf with a great mace.
The stone giant hits you but does no damage.
You block the white very ugly thing's attack.
The cyan ugly thing is struck by your spines.
The cyan ugly thing tail-slaps you but does no damage.
You block the orc knight's attack. The stone giant closely misses you.
The orc warrior hits Wiglaf with a dire flail!
The red ugly thing closely misses you.
You are too berserk!
You are too berserk!
You slice the cyan ugly thing!!
You kill the cyan ugly thing!
The cyan ugly thing's corpse dissolves into shadows!
Your ogre zombie hits the red ugly thing with a halberd!
The stone giant misses you.
The white very ugly thing pecks you but does no damage.
You regained 2 hp, and now have 6/243 hp.
Your plate armour prevents you from hitting the red ugly thing.
Your kick misses the red ugly thing.
The ironbrand convoker hits Wiglaf with a great mace!
The red ugly thing basks in the mutagenic energy from its kin and changes!
The stone giant is struck by your spines.
The stone giant barely misses you.
The orc knight hits Wiglaf with a dire flail!!!
The orc warrior hits Wiglaf with a dire flail!!
The cyan ugly thing tentacle-slaps you but does no damage.
Wiglaf hits the orc knight with a battleaxe of flaming.
Wiglaf burns the orc knight.
Wiglaf hits the stone giant with a battleaxe of flaming.
Wiglaf burns the stone giant.
Wiglaf hits the freezing wraith with a battleaxe of flaming.
Wiglaf burns the freezing wraith.
Wiglaf hits the cyan ugly thing but does no damage.
Wiglaf hits the orc warrior but does no damage.
Wiglaf hits the ironbrand convoker with a battleaxe of flaming!
Wiglaf burns the ironbrand convoker.
The cyan ugly thing basks in the mutagenic energy from its kin and changes!
You closely miss the white ugly thing. Your kick misses the white ugly thing.
Your headbutt misses the white ugly thing.
You are no longer berserk.
You are exhausted.
You feel yourself slow down. You block the freezing wraith's attack.
The freezing wraith hits you.
* * * LOW HITPOINT WARNING * * *
The stone giant is struck by your spines.
The stone giant hits you but does no damage.
The white very ugly thing is struck by your spines.
The white very ugly thing pecks you but does no damage.
Your ogre zombie hits the white ugly thing with a halberd!
The boggart gestures wildly while chanting.
The stone giant is struck by your spines.
The stone giant hits you but does no damage.
The orc knight hits Wiglaf with a dire flail!!
Wiglaf is destroyed!
The cyan ugly thing is struck by your spines.
The cyan ugly thing tentacle-slaps you but does no damage.
You now have 1/162 hp.
You feel much better.
This wand has 7 charges left.
Your skin stops crawling.
You feel less resistant to hostile enchantments.
The ironbrand convoker casts a spell at the stone giant.
The stone giant seems to grow stronger.
You block the freezing wraith's attack. The freezing wraith barely misses you.
The stone giant is struck by your spines.
The stone giant hits you!!!
You die...

#....................))
#...........##########.
#...........# #.
#...........# #.
#)..........+ #.
#.).).......# #.
###...Z.......# #.
........uWu)...# #.
........uu@op...# #.
........pCCog...# ########.
###......gop...............
#........B...............
#....p.........###+#####.
#...##+#####...# ## #...
...# .. ..#


You could see a white very ugly thing, 2 stone giants, a boulder beetle, an orc
knight, 3 ugly things, 4 ironbrand convokers, a freezing wraith, 2 orc warriors,
2 boggarts and a friendly ogre zombie.

Vanquished Creatures
  An ancient lich (WizLab)
  Nikola (Vaults:1)
  Rupert (Orc:2)
  Asterion (D:14)
  3 deep elf blademasters
  Gastronok (D:9)
  A kraken (Shoals:3)
  2 ancient champions (WizLab)
  Roxanne (Shoals:4)
  5 greater nagas (Snake:4)
  Ilsuiw (Shoals:4)
  Wiglaf (Vaults:2)
  5 frost giants
  Maud (Orc:2)
  4 deep elf sorcerers
  A large abomination (Elf:1)
  3 vault wardens (Vaults:1)
  6 ironheart preservers
  The ghost of tinybubbles the Unseen, a journeyman DsWn of Trog (Elf:1)
  5 deep elf annihilators (Elf:3)
  9 deep elf demonologists
  Azrael (D:13)
  An ettin (Vaults:1)
  5 merfolk javelineers (Shoals:4)
  4 deep elf death magi (Elf:3)
  9 merfolk impalers
  A great orb of eyes (Vaults:1)
  5 vault guards
  Josephine (Orc:3)
  2 deep elf high priests (Elf:3)
  4 yaktaur captains (Vaults:1)
  Harold (D:12)
  20 naga warriors
  2 alligator snapping turtles (Shoals:4)
  3 satyrs
  7 anacondas
  The ghost of math4jedi the Grappler, a novice TrMo (Lair:4)
  2 merfolk avatars
  2 catoblepae (Lair:8)
  8 death yaks
  3 merfolk aquamancers (Shoals:4)
  3 ogre magi
  A deep troll shaman (Vaults:1)
  2 centaur warriors (Vaults:1)
  15 dancing weapons (Elf:2)
  2 orc high priests (Orc:4)
  12 naga sharpshooters
  8 shock serpents
  Urug (D:12)
  A spriggan (Lair:6)
  An unseen horror (shapeshifter) (Vaults:1)
  12 deep elf knights
  2 salamander mystics (Snake:2)
  3 ironbrand convokers (Vaults:1)
  12 sea snakes
  11 skeletal warriors
  3 deep trolls (Vaults:1)
  3 unseen horrors
  A fire crab (Vaults:1)
  6 hill giants
  10 orc knights
  6 naga ritualists
  17 deep elf summoners
  A hill giant (shapeshifter) (Elf:2)
  7 salamanders
  8 harpies
  8 deep elf conjurers
  6 ugly things
  9 mana vipers
  8 fauns
  8 cyclopes
  An oklob plant (Lair:3)
  4 orc sorcerers
  8 water nymphs
  8 griffons
  2 guardian serpents
  An octopode (shapeshifter) (Elf:2)
  37 black mambas
  10 sirens
  2 vault sentinels (Vaults:1)
  10 manticores
  14 spiny frogs
  Psyche (D:9)
  10 naga magi
  A gargoyle (D:11)
  12 yaktaurs
  5 komodo dragons
  7 trolls
  19 deep elf priests
  2 fire drakes
  The ghost of Smello the Covert, a novice SpAs of Dithmenos (D:5)
  20 merfolk
  3 wind drakes
  3 blink frogs (Lair:5)
  2 polar bears
  8 two-headed ogres
  5 boulder beetles
  9 snapping turtles
  A slime creature (D:14)
  29 deep elf magi
  2 wyverns
  4 water elementals
  41 yaks
  A trapdoor spider (D:13)
  4 vampires (WizLab)
  2 hungry ghosts
  Eustachio (D:6)
  5 fire elementals
  7 hill giant zombies (WizLab)
  7 wraiths
  27 deep elf fighters
  13 hippogriffs
  2 vampire mosquitoes (Vaults:1)
  20 wolves
  3 basilisks
  A human simulacrum (Vaults:1)
  42 nagas
  5 sky beasts
  2 hell hounds (D:13)
  21 water moccasins
  A phantom (D:4)
  4 wargs
  14 porcupines
  2 ice beasts
  36 orc warriors
  An eye of draining (shapeshifter) (Vaults:1)
  2 boggarts (Vaults:2)
  2 necrophages
  An eye of draining (D:14)
  2 wasps
  5 black bears
  21 crocodiles
  12 centaurs
  5 big kobolds
  13 ogres
  Blork the orc (D:6)
  A wyvern zombie (D:7)
  21 giant frogs
  10 killer bees
  7 troll zombies (WizLab)
  2 wyvern skeletons (D:14)
  5 scorpions
  9 wights
  2 giant frog zombies
  2 electric eels
  3 jellies
  A wasp zombie (D:7)
  A human zombie (Ossuary)
  9 crimson imps
  4 centaur skeletons
  4 centaur zombies
  Crazy Yiuf (D:3)
  A gnoll shaman (D:7)
  26 orc priests
  Ijyb (D:2)
  6 hounds
  2 giant frog skeletons (D:9)
  Terence (D:2)
  A killer bee zombie (D:9)
  7 iguanas
  6 worker ants
  36 orc wizards
  37 sheep
  4 ogre zombies (WizLab)
  2 hound zombies
  A worker ant zombie (D:8)
  3 mummies
  Robin (D:2)
  9 gnolls
  52 river rats
  17 adders
  4 shadow imps
  3 adder zombies (Ossuary)
  An ooze (D:1)
  6 worms
  7 giant geckos
  220 orcs
  11 bats
  A bat zombie (D:1)
  10 giant cockroaches
  2 gnoll zombies (D:9)
  7 hobgoblins
  11 jackals
  4 quokkas
  3 ball pythons
  A giant gecko skeleton (D:4)
  7 giant newts
  10 goblins
  8 hobgoblin zombies
  3 jackal zombies (Ossuary)
  32 kobolds
  9 kobold zombies
  12 orc zombies (Ossuary)
  A quokka zombie (D:1)
  9 rats
  2 rat zombies (Ossuary)
  3 fungi
  10 plants
  4 tentacles (Shoals:3)
1586 creatures vanquished.

Vanquished Creatures (collateral kills)
  2 deep elf master archers (Elf:3)
  The ghost of MostlySquishy the Bludgeoner, a journeyman MiBe of Trog (Shoals:3)
  A deep elf sorcerer (Elf:3)
  4 ironheart preservers
  A deep elf demonologist (Elf:3)
  4 deep elf annihilators (Elf:3)
  3 merfolk javelineers (Shoals:4)
  A deep elf death mage (Elf:3)
  A merfolk impaler (Shoals:4)
  2 vault guards (Vaults:1)
  The ghost of jamcboston the Cleaver, a journeyman HOFi of Beogh (Lair:1)
  A naga warrior (Snake:4)
  A catoblepas (Lair:8)
  A merfolk avatar (Shoals:4)
  4 hydras
  5 death yaks (Lair:5)
  An orc high priest (Orc:4)
  A naga sharpshooter (Snake:4)
  Sonja (D:11)
  A fire crab (Vaults:1)
  2 deep elf summoners
  A sea snake (shapeshifter) (Vaults:1)
  3 deep trolls (Vaults:1)
  A naga ritualist (Snake:4)
  A hill giant (Vaults:1)
  An ugly thing (D:11)
  2 mana vipers (Snake:4)
  A griffon (Shoals:4)
  An orc knight (Orc:4)
  A deep elf conjurer (Elf:2)
  An orc sorcerer (Orc:4)
  2 black mambas (Snake:4)
  A vault sentinel (Vaults:1)
  A siren (Shoals:4)
  2 naga magi (Snake:4)
  A small abomination (Elf:2)
  3 yaktaurs (Vaults:1)
  A merfolk (Shoals:4)
  3 two-headed ogres (Volcano)
  2 deep elf magi (Elf:2)
  2 nagas (Snake:4)
  2 deep elf fighters
  A water moccasin (Lair:1)
  2 hell hounds (Volcano)
  4 orc warriors
  2 ogres (Vaults:2)
  A glowing shapeshifter simulacrum (Vaults:1)
  2 orc priests
  An orc wizard (Orc:4)
  4 river rats (Lair:1)
  2 orcs (Vaults:2)
91 creatures vanquished.

Vanquished Creatures (others)
  A deep elf annihilator (Elf:3)
  An ugly thing (Vaults:1)
  A siren (Shoals:4)
  A deep elf priest (Elf:2)
  An orc priest (Orc:4)
  3 fungi
  14 plants
  13 tentacles (Shoals:3)
  96 tentacle segments (Shoals:3)
131 creatures vanquished.

Grand Total: 1808 creatures vanquished

Notes
Turn   | Place    | Note
--------------------------------------------------------------
     0 | D:1      | icedcoffee the Demonspawn Berserker began the quest for the Orb.
     0 | D:1      | Reached XP level 1. HP: 18/18 MP: 1/1
   304 | D:1      | Gained mutation: Your flesh is heat resistant. [demonic ancestry]
   304 | D:1      | Reached XP level 2. HP: 21/24 MP: 2/2
  1243 | D:2      | Noticed Robin
  1247 | D:2      | Reached ** piety under Trog
  1261 | D:2      | Gained mutation: You have large cloven feet. [demonic ancestry]
  1261 | D:2      | Reached XP level 3. HP: 19/29 MP: 3/3
  1281 | D:2      | Killed Robin
  1652 | D:2      | Noticed Ijyb
  1679 | D:2      | Killed Ijyb
  1679 | D:2      | Reached skill level 1 in Short Blades
  1679 | D:2      | Reached XP level 4. HP: 20/35 MP: 4/4
  1851 | D:2      | Gained mutation: Scrolls take you a little longer to read. [potion of mutation]
  1851 | D:2      | Gained mutation: You can translocate small distances at will. [potion of mutation]
  1851 | D:2      | Gained mutation: You are robust (+10% HP). [potion of mutation]
  2040 | D:2      | Noticed Terence
  2069 | D:2      | Killed Terence
  2246 | D:3      | Reached XP level 5. HP: 39/45 MP: 5/5
  2372 | D:3      | Noticed Crazy Yiuf
  2386 | D:3      | Killed Crazy Yiuf
  2870 | D:3      | Found a deep blue altar of Sif Muna.
  3515 | D:4      | Noticed a phantom
  3518 | D:4      | Reached *** piety under Trog
  3532 | D:4      | Gained mutation: You have hoof-like feet. [demonic ancestry]
  3532 | D:4      | Reached XP level 6. HP: 52/52 MP: 6/6
  3612 | D:4      | Killed a phantom
  3612 | D:4      | Reached skill level 4 in Fighting
  3612 | D:4      | Reached skill level 1 in Stealth
  3612 | D:4      | Reached skill level 1 in Shields
  4145 | D:4      | Gained mutation: You are partially covered in sharp spines. [demonic ancestry]
  4145 | D:4      | Reached XP level 7. HP: 21/59 MP: 7/7
  4438 | D:4      | Reached skill level 3 in Short Blades
  4484 | D:4      | Reached skill level 1 in Axes
  4846 | D:5      | Entered Level 5 of the Dungeon
  4846 | D:5      | Noticed Smello's ghost (novice SpAs)
  4869 | D:5      | Killed Smello's ghost
  4869 | D:5      | Reached skill level 1 in Throwing
  4869 | D:5      | Reached skill level 4 in Dodging
  5114 | D:5      | Reached skill level 4 in Armour
  5199 | D:5      | Reached skill level 2 in Throwing
  5242 | D:5      | Reached XP level 8. HP: 65/67 MP: 8/8
  5362 | D:5      | Reached skill level 2 in Axes
  5785 | D:6      | Found a staircase to the Ecumenical Temple.
  5880 | D:6      | Noticed Blork the orc
  5881 | D:6      | Noticed Eustachio
  5893 | D:6      | Killed Blork the orc
  5938 | D:6      | Found a sand-covered staircase.
  5953 | Ossuary  | Entered an ossuary
  6091 | Ossuary  | Reached skill level 3 in Throwing
  6277 | D:6      | Killed Eustachio
  6277 | D:6      | Reached skill level 3 in Axes
  6277 | D:6      | Reached skill level 2 in Shields
  6517 | D:6      | Reached skill level 5 in Dodging
  6538 | D:6      | Reached skill level 5 in Fighting
  6786 | D:7      | Gained mutation: You are partially covered in slimy green scales (AC +2). [demonic ancestry]
  6786 | D:7      | Reached XP level 9. HP: 58/74 MP: 9/9
  6804 | D:7      | Reached skill level 5 in Armour
  7085 | D:7      | Reached **** piety under Trog
  7370 | D:7      | Reached skill level 4 in Throwing
  7382 | D:7      | Gained mutation: Your mind is acute. (Int +2) [mutagenic meat]
  7383 | D:7      | Gained mutation: You are somewhat resistant to further mutation. [mutagenic meat]
  7511 | D:7      | Found a white marble altar of Elyvilon.
  7728 | D:7      | Found Satteot's Jewellery Boutique.
  7988 | D:8      | Noticed a hill giant
  7996 | D:8      | Killed a hill giant
  7996 | D:8      | Reached skill level 6 in Fighting
  7996 | D:8      | Reached skill level 5 in Throwing
  7996 | D:8      | Reached skill level 1 in Evocations
  8000 | D:8      | Reached skill level 6 in Armour
  8164 | D:8      | Found a shattered altar of Ashenzari.
  8334 | D:8      | Reached skill level 6 in Dodging
  8334 | D:8      | Reached XP level 10. HP: 54/83 MP: 10/10
  8561 | D:8      | Lost mutation: Scrolls take you a little longer to read. [potion of cure mutation]
  8561 | D:8      | Lost mutation: You can translocate small distances at will. [potion of cure mutation]
  8561 | D:8      | Lost mutation: Your mind is acute. (Int +2) [potion of cure mutation]
  8561 | D:8      | Lost mutation: You are robust (+10% HP). [potion of cure mutation]
  8561 | D:8      | Lost mutation: You are somewhat resistant to further mutation. [potion of cure mutation]
  8586 | D:8      | Found a shimmering altar of Xom.
  9157 | D:9      | Reached ***** piety under Trog
  9208 | D:9      | Found a bloodstained altar of Trog.
  9236 | D:9      | Noticed Gastronok
  9244 | D:9      | Reached skill level 4 in Polearms
  9284 | D:9      | Killed Gastronok
  9284 | D:9      | Reached skill level 7 in Fighting
  9284 | D:9      | Reached skill level 5 in Polearms
  9284 | D:9      | Reached skill level 6 in Throwing
  9414 | D:9      | Noticed Psyche
  9432 | D:9      | Killed Psyche
  9530 | D:9      | Found a glowing golden altar of the Shining One.
  9570 | D:9      | Found a basalt altar of Yredelemnul.
  9646 | D:9      | Received a gift from Trog
  9932 | D:10     | Entered Level 10 of the Dungeon
 10110 | D:10     | Gained mutation: You are resistant to hostile enchantments. [potion of beneficial mutation]
 10111 | D:10     | Gained mutation: Your mind is acute. (Int +2) [potion of beneficial mutation]
 10158 | D:10     | Received a gift from Trog
 10370 | D:10     | Gained mutation: You are mostly covered in slimy green scales (AC +3). [demonic ancestry]
 10370 | D:10     | Reached XP level 11. HP: 60/85 MP: 11/11
 10627 | D:10     | Reached skill level 7 in Armour
 10664 | D:10     | Reached skill level 6 in Polearms
 11695 | D:11     | Received a gift from Trog
 11713 | D:11     | Got a translucent halberd {god gift}
 11714 | D:11     | Identified the +6 halberd of Zarotrao {speed, Dex+4} (Trog gifted it to you on level 11 of the Dungeon)
 11741 | D:11     | Reached skill level 8 in Fighting
 11746 | D:11     | Killed an unseen horror
 11746 | D:11     | Reached skill level 7 in Throwing
 12028 | D:11     | Reached skill level 7 in Polearms
 12031 | D:11     | Found a staircase to the Lair.
 12056 | D:11     | Noticed a hill giant
 12073 | D:11     | Killed a hill giant
 12311 | D:11     | Killed an unseen horror
 12380 | D:11     | Noticed Sonja
 12404 | D:11     | Killed Sonja
 12404 | D:11     | Reached skill level 7 in Dodging
 12742 | Lair:1   | Entered Level 1 of the Lair of Beasts
 12831 | Lair:1   | Reached skill level 8 in Polearms
 13154 | Lair:1   | Noticed jamcboston's ghost (journeyman HOFi)
 13180 | Lair:1   | Killed jamcboston's ghost
 13717 | Lair:2   | Gained mutation: You are mostly covered in sharp spines. [demonic ancestry]
 13717 | Lair:2   | Reached XP level 12. HP: 94/94 MP: 13/13
 13965 | Lair:2   | Noticed a six-headed hydra
 13969 | Lair:2   | Killed a six-headed hydra
 14028 | Lair:2   | Found a dark tunnel.
 14078 | Volcano  | Entered a volcano
 14092 | Volcano  | Reached skill level 8 in Throwing
 14109 | Volcano  | Received a gift from Trog
 14500 | Lair:2   | Reached skill level 8 in Armour
 14572 | Lair:2   | Reached skill level 9 in Polearms
 14972 | Lair:3   | Reached skill level 9 in Fighting
 15703 | Lair:3   | Reached skill level 10 in Polearms
 15901 | Lair:3   | Received a gift from Trog
 16331 | Lair:3   | Found a staircase to the Shoals.
 16641 | Lair:4   | Found a staircase to the Snake Pit.
 16649 | Lair:4   | Reached skill level 9 in Throwing
 17099 | Lair:4   | Noticed math4jedi's ghost (novice TrMo)
 17113 | Lair:4   | Killed math4jedi's ghost
 17113 | Lair:4   | Gained mutation: You are completely covered in slimy green scales (AC +4, rPois). [demonic ancestry]
 17113 | Lair:4   | Reached XP level 13. HP: 61/101 MP: 14/14
 17772 | Lair:5   | HP: 25/101 [death yak (19)]
 17774 | Lair:5   | Reached skill level 9 in Armour
 17833 | Lair:5   | Reached skill level 11 in Polearms
 18210 | Lair:5   | Got a jewelled scale mail
 18221 | Lair:5   | Identified the +1 scale mail of a bazaar {-Cast rN++ Int+4} (You found it on level 5 of the Lair of Beasts)
 18390 | Lair:5   | Received a gift from Trog
 18551 | Lair:5   | Got a polished war axe
 18710 | Lair:5   | Identified the cursed +1 war axe of Magnificence {chop, rN+ Str+3 Dex+4} (You found it on level 5 of the Lair of Beasts)
 19101 | Lair:6   | Found a staircase to the Slime Pits.
 19106 | Lair:6   | Received a gift from Trog
 19622 | Lair:7   | Reached skill level 10 in Fighting
 20015 | Lair:7   | Got a fine trident
 20016 | Lair:7   | Identified the +5 trident of Forced Transition {pierce, rC+ Str+7} (You found it on level 7 of the Lair of Beasts)
 20553 | Lair:8   | Entered Level 8 of the Lair of Beasts
 20880 | Lair:8   | Reached skill level 12 in Polearms
 21130 | Lair:8   | Received a gift from Trog
 21470 | Lair:8   | Reached skill level 10 in Armour
 21611 | Lair:8   | Gained mutation: Your magical and physical power is slightly enhanced at high health. [demonic ancestry]
 21611 | Lair:8   | Reached XP level 14. HP: 101/111 MP: 15/15
 21621 | Lair:8   | Received a gift from Trog
 21842 | Lair:8   | Got a jewelled rapier
 21858 | Lair:8   | Got a faintly glowing broad axe
 21859 | Lair:8   | Identified the +1 broad axe of Neynnolu {drain, Dex+4} (You found it on level 8 of the Lair of Beasts)
 21860 | Lair:8   | Identified the +6 rapier "Concordance" {freeze, *Confuse rN++ Dex+3} (You found it on level 8 of the Lair of Beasts)
 22512 | Lair:7   | Identified a +4 lightning rod (10/10) (You found it on level 8 of the Lair of Beasts)
 22732 | Snake:1  | Entered Level 1 of the Snake Pit
 22920 | Snake:1  | Reached skill level 13 in Polearms
 22924 | Snake:1  | Reached skill level 10 in Throwing
 23305 | Snake:1  | Received a gift from Trog
 23801 | Snake:1  | Reached skill level 2 in Evocations
 23883 | Snake:1  | Gained mutation: Your mind is very acute. (Int +4) [mutagenic meat]
 23884 | Snake:1  | Gained mutation: You occasionally shout uncontrollably at your foes. [mutagenic meat]
 23887 | Snake:1  | Gained mutation: Your spells are a little harder to cast, but a little more powerful. [mutagenic meat]
 23900 | Snake:1  | Reached skill level 11 in Fighting
 24405 | Snake:2  | Reached skill level 11 in Armour
 24436 | Snake:2  | HP: 27/113 [naga sharpshooter/bolt (17)]
 24731 | Snake:2  | Reached skill level 14 in Polearms
 24736 | Snake:2  | Reached XP level 15. HP: 118/118 MP: 16/16
 25074 | Snake:2  | Received a gift from Trog
 25160 | Snake:2  | Found Fuozoufu's Assorted Antiques.
 25176 | Snake:2  | Found Maelued's Antique Armour Emporium.
 25178 | Snake:2  | Found Raopya's General Store.
 25184 | Snake:2  | Found Kuschowk's Food Boutique.
 25191 | Snake:2  | Bought a +3 ring of evasion for 210 gold pieces
 25191 | Snake:2  | Bought a potion of cure mutation for 350 gold pieces
 25191 | Snake:2  | Bought 3 tomahawks of returning for 30 gold pieces
 25208 | Snake:2  | Bought a meat ration for 60 gold pieces
 25618 | Snake:2  | Found Samimase's Magic Scroll Shoppe.
 25648 | Snake:2  | Bought a scroll of enchant armour for 142 gold pieces
 26210 | Snake:3  | Received a gift from Trog
 26478 | Snake:3  | Lost mutation: Your spells are a little harder to cast, but a little more powerful. [potion of mutation]
 26478 | Snake:3  | Gained mutation: You are resistant to electric shocks. [potion of mutation]
 26479 | Snake:3  | Gained mutation: You are clumsy. (Dex -2) [potion of mutation]
 26479 | Snake:3  | Gained mutation: You have a pair of small horns on your head. [potion of mutation]
 26479 | Snake:3  | Lost mutation: You are clumsy. (Dex -2) [potion of mutation]
 27116 | Snake:4  | Entered Level 4 of the Snake Pit
 27118 | Snake:4  | Found a sparkling altar of Nemelex Xobeh.
 27421 | Snake:4  | Received a gift from Trog
 27431 | Snake:4  | Reached skill level 11 in Throwing
 27587 | Snake:4  | Noticed a greater naga
 27592 | Snake:4  | Reached skill level 15 in Polearms
 27595 | Snake:4  | Received a gift from Trog
 27604 | Snake:4  | Killed a greater naga
 28058 | Snake:4  | Reached skill level 12 in Armour
 28186 | Snake:4  | Received a gift from Trog
 28223 | Snake:4  | Received a gift from Trog
 28249 | Snake:4  | Noticed a greater naga
 28257 | Snake:4  | Noticed a greater naga
 28262 | Snake:4  | Killed a greater naga
 28262 | Snake:4  | Reached XP level 16. HP: 127/127 MP: 17/17
 28270 | Snake:4  | Reached skill level 12 in Fighting
 28279 | Snake:4  | Killed a greater naga
 28508 | Snake:4  | Noticed a greater naga
 28521 | Snake:4  | Killed a greater naga
 28660 | Snake:4  | Noticed a greater naga
 28670 | Snake:4  | Killed a greater naga
 28678 | Snake:4  | Identified a scroll of acquirement
 28681 | Snake:4  | Got a pair of jewelled gloves
 28692 | Snake:4  | Identified the +2 pair of gloves of the Special Tales {Regen+ MP+9} (You acquired it on level 4 of the Snake Pit)
 28782 | Snake:4  | Got a serpentine rune of Zot
 29311 | Shoals:1 | Entered Level 1 of the Shoals
 29318 | Shoals:1 | Received a gift from Trog
 30230 | Shoals:2 | Reached skill level 16 in Polearms
 30329 | Shoals:2 | You fall through a shaft!
 31311 | Shoals:3 | Noticed MostlySquishy's ghost (journeyman MiBe)
 31330 | Shoals:3 | Killed MostlySquishy's ghost
 31951 | Shoals:4 | Entered Level 4 of the Shoals
 31995 | Shoals:4 | Received a gift from Trog
 32191 | Shoals:4 | Received a gift from Trog
 32267 | Shoals:4 | Got a dazzling leather armour
 32388 | Shoals:4 | Received a gift from Trog
 32388 | Shoals:4 | Reached skill level 13 in Armour
 32393 | Shoals:4 | Got an ichor-stained arbalest {god gift}
 32445 | Shoals:4 | Identified the +4 leather armour "Zexein" {Int+4} (You took it off a merfolk javelineer on level 4 of the Shoals)
 32453 | Shoals:4 | Identified the +2 arbalest of Profit {elec, rF- rN+++ MP-9 Int+3} (Trog gifted it to you on level 4 of the Shoals)
 32543 | Shoals:4 | Noticed Ilsuiw
 32561 | Shoals:4 | HP: 32/129 [merfolk javelineer/spear of flaming (8)]
 32567 | Shoals:4 | Gained mutation: You are immune to clouds of flame. [demonic ancestry]
 32567 | Shoals:4 | Reached XP level 17. HP: 78/135 MP: 6/18
 32584 | Shoals:4 | Killed Ilsuiw
 32909 | Shoals:4 | Reached skill level 13 in Fighting
 33170 | Shoals:4 | Reached skill level 17 in Polearms
 33203 | Shoals:4 | Reached skill level 12 in Throwing
 33415 | Shoals:4 | Got a barnacled rune of Zot
 33533 | Shoals:4 | Reached skill level 1 in Crossbows
 33533 | Shoals:4 | Reached skill level 1 in Unarmed Combat
 33533 | Shoals:4 | Reached skill level 1 in Spellcasting
 33533 | Shoals:4 | Gained mutation: You have hooves in place of feet. [demonic ancestry]
 33533 | Shoals:4 | Reached XP level 18. HP: 141/143 MP: 19/19
 33536 | Shoals:4 | Noticed Roxanne
 33569 | Shoals:4 | Killed Roxanne
 33805 | Shoals:4 | Reached skill level 14 in Armour
 34314 | D:12     | Received a gift from Trog
 34365 | D:12     | Found a staircase to the Orcish Mines.
 34391 | Orc:1    | Entered Level 1 of the Orcish Mines
 34410 | Orc:1    | Received a gift from Trog
 34429 | Orc:1    | Found a roughly hewn altar of Beogh.
 34540 | Orc:1    | Received a gift from Trog
 34591 | Orc:1    | Found Kameawae's Magic Scroll Boutique.
 34922 | Orc:2    | Noticed Maud
 34941 | Orc:2    | Killed Maud
 35140 | Orc:3    | Noticed Josephine
 35158 | Orc:3    | Killed Josephine
 35158 | Orc:3    | Received a gift from Trog
 35281 | Orc:3    | Received a gift from Trog
 35324 | Orc:3    | Received a gift from Trog
 35534 | Orc:3    | Found a staircase to the Elven Halls.
 35778 | Orc:4    | Entered Level 4 of the Orcish Mines
 36056 | Orc:4    | Found Rohoh's Book Emporium.
 36151 | Orc:4    | Found Laanud's Jewellery Boutique.
 36166 | Orc:4    | Found Istrorom's Antique Weapon Boutique.
 36168 | Orc:4    | Found Mov Maom's Armour Emporium.
 36223 | Orc:4    | Bought a spear for 93 gold pieces
 36223 | Orc:4    | Bought a quarterstaff for 124 gold pieces
 36408 | Orc:4    | Received a gift from Trog
 37027 | Orc:2    | Noticed Rupert
 37039 | Orc:2    | Killed Rupert
 37268 | Orc:2    | Found Urut's Weapon Shoppe.
 37375 | Orc:4    | Bought an uncursed amulet of resist mutation for 440 gold pieces
 37375 | Orc:4    | Bought an uncursed amulet of stasis for 192 gold pieces
 38130 | Elf:1    | Entered Level 1 of the Elven Halls
 38194 | Elf:1    | Received a gift from Trog
 38573 | Elf:1    | Identified the Collected Works on Summoning and Orientation
 38711 | Elf:1    | Noticed tinybubbles's ghost (journeyman DsWn)
 38733 | Elf:1    | Killed tinybubbles's ghost
 38761 | Elf:1    | Received a gift from Trog
 39002 | Elf:2    | Reached XP level 19. HP: 143/150 MP: 20/20
 39409 | Elf:2    | Found Ycecuk's Jewellery Shoppe.
 39517 | Elf:2    | Found a runed gate.
 39517 | Elf:2    | Found a runed gate.
 39518 | Elf:2    | Found a runed gate.
 39697 | Elf:2    | Found a magical portal.
 39700 | WizLab   | Entered Zonguldrok's Shrine
 39938 | WizLab   | Reached skill level 18 in Polearms
 39938 | WizLab   | Reached skill level 8 in Dodging
 40109 | WizLab   | Noticed an antique lich
 40116 | WizLab   | Killed an antique lich
 40501 | Elf:2    | Reached skill level 14 in Fighting
 40504 | Elf:2    | Reached skill level 1 in Long Blades
 40653 | Elf:2    | Received a gift from Trog
 40895 | Elf:2    | Received a gift from Trog
 40937 | Elf:3    | Entered Level 3 of the Elven Halls
 41021 | Elf:3    | Reached skill level 2 in Long Blades
 41244 | Elf:3    | Reached skill level 15 in Armour
 41266 | Elf:3    | Received a gift from Trog
 41266 | Elf:3    | Reached skill level 3 in Long Blades
 41283 | Elf:3    | Received a gift from Trog
 41319 | Elf:3    | Received a gift from Trog
 41320 | Elf:3    | Got a faintly glowing quarterstaff {crush}
 41320 | Elf:3    | Got a scorched granite ring
 41364 | Elf:3    | Got a ripped robe
 41383 | Elf:3    | Identified the +2 robe "Joops" {Int+2} (You took it off a deep elf demonologist on level 3 of the Elven Halls)
 41402 | Elf:3    | Identified the ring of Allemos {+/*Tele MP+9 Stlth+} (You took it off a deep elf conjurer on level 3 of the Elven Halls)
 41414 | Elf:3    | Identified the +5 quarterstaff "Xula" {crush, rF- Str+5 Int+6} (You took it off a deep elf conjurer on level 3 of the Elven Halls)
 41568 | Elf:3    | Reached skill level 13 in Throwing
 41659 | Elf:3    | Received a gift from Trog
 41679 | Elf:3    | Got an encrusted short sword
 41737 | Elf:3    | Reached XP level 20. HP: 153/160 MP: 22/22
 41747 | Elf:3    | Got a warped ring mail
 41769 | Elf:3    | Identified the +5 short sword "Tasmarph" {drain, rPois rF++ Dex-2 SInv} (You found it on level 3 of the Elven Halls)
 41773 | Elf:3    | Got a pair of smoking gloves
 41784 | Elf:3    | Identified the +2 ring mail of Servitude {*Confuse +Blink rElec rPois} (You found it on level 3 of the Elven Halls)
 41800 | Elf:3    | Identified the cursed +0 pair of gloves of the Realm of Zot {Int+5} (You found it on level 3 of the Elven Halls)
 41996 | Elf:3    | Received a gift from Trog
 42404 | D:12     | Noticed Harold
 42414 | D:12     | Killed Harold
 42589 | D:12     | Noticed Urug
 42603 | D:12     | Killed Urug
 42603 | D:12     | Reached skill level 19 in Polearms
 42606 | D:12     | Reached skill level 4 in Long Blades
 43164 | D:13     | Received a gift from Trog
 43233 | D:13     | Noticed Azrael
 43250 | D:13     | Killed Azrael
 44360 | D:14     | Identified a +0 rod of destruction (11/11) (You found it on level 14 of the Dungeon)
 44484 | D:14     | Found a gate to the Vaults.
 44507 | Vaults:1 | Entered Level 1 of the Vaults
 44521 | Vaults:1 | Noticed Asterion
 44545 | Vaults:1 | Received a gift from Trog
 44560 | D:14     | Reached skill level 5 in Long Blades
 44568 | D:14     | Killed Asterion
 44950 | Vaults:1 | Noticed Nikola
 44965 | Vaults:1 | Killed Nikola
 44965 | Vaults:1 | Reached skill level 3 in Shields
 45030 | Vaults:1 | Found a portal to a secret trove of treasure.
 45107 | Vaults:1 | Received a gift from Trog
 45110 | Vaults:1 | Reached skill level 6 in Long Blades
 45509 | Vaults:1 | Received a gift from Trog
 45509 | Vaults:1 | Reached skill level 15 in Fighting
 45831 | Vaults:1 | Reached skill level 4 in Shields
 45939 | Vaults:1 | Reached skill level 7 in Long Blades
 46641 | Vaults:1 | Received a gift from Trog
 47005 | Vaults:2 | Reached skill level 5 in Shields
 47120 | Vaults:2 | Found Ijiarocw's Weapon Shoppe.
 47191 | Vaults:2 | Noticed Wiglaf
 47206 | Vaults:2 | Reached skill level 8 in Long Blades
 47209 | Vaults:2 | HP: 50/243 [white very ugly thing[a boggart] (18)]
 47210 | Vaults:2 | HP: 8/243 [orc knight/dire flail (35)]
 47210 | Vaults:2 | HP: 3/243 [stone giant[a boggart] (5)]
 47211 | Vaults:2 | Killed Wiglaf
 47214 | Vaults:2 | HP: 1/162 [freezing wraith (5)]
 47214 | Vaults:2 | Your ally Wiglaf died
 47215 | Vaults:2 | Annihilated by a stone giant

Action                   |  1- 3 |  4- 6 |  7- 9 | 10-12 | 13-15 | 16-18 | 19-21 || total
-------------------------+-------+-------+-------+-------+-------+-------+-------++-------
Melee: Spear             |    45 |       |       |       |       |       |       ||    45
       Short sword       |   101 |   173 |       |     2 |       |       |       ||   276
       Hand axe          |       |   100 |   261 |       |       |       |       ||   361
       Halberd           |       |       |    68 |   580 |   978 |   396 |       ||  2022
       Trident           |       |       |       |       |       |   899 |   719 ||  1618
       Unarmed           |       |       |       |       |       |    17 |    54 ||    71
       Double sword      |       |       |       |       |       |       |   460 ||   460
Throw: Stone             |       |    28 |    30 |    21 |    16 |     6 |       ||   101
       Tomahawk          |       |       |    63 |   188 |   213 |   184 |       ||   648
       Javelin           |       |       |       |    15 |    31 |    16 |   159 ||   221
Invok: Trog's Hand       |     3 |     5 |     5 |     9 |    15 |    18 |    21 ||    76
       Berserk           |       |     2 |     5 |     3 |    11 |     7 |     3 ||    31
       Burn Spellbooks   |       |       |       |     6 |     3 |     3 |     7 ||    19
       Brothers in Arms  |       |       |       |     4 |    11 |     7 |    11 ||    33
Evoke: Wand              |       |     1 |     4 |     5 |     9 |    12 |     7 ||    38
       Sack of spiders   |       |       |       |       |       |     1 |       ||     1
  Use: Scroll            |     6 |     3 |     4 |    10 |    19 |     9 |    13 ||    64
       Potion            |     1 |     6 |     4 |     8 |     6 |     3 |     3 ||    31
 Stab: Distracted        |       |       |       |       |     2 |       |       ||     2
  Eat: Bread ration      |     1 |       |     1 |     3 |     6 |     3 |       ||    14
       Chunk             |       |     8 |    17 |    16 |    16 |    22 |    19 ||    98
       Beef jerky        |       |     1 |       |       |     3 |       |       ||     4
       Fruit             |       |       |     2 |       |    11 |     4 |    17 ||    34
       Meat ration       |       |       |       |     1 |       |     1 |     2 ||     4
       Pizza             |       |       |       |       |       |     3 |       ||     3

Vault maps used:
D:1:      saegor_arrival_fortress, minmay_misc_feat_square, minmay_ruptured
D:2:      uniq_robin, uniq_terence, uniq_iyjb
D:3:      kennysheep_six_static_rooms, led_sif_book, uniq_crazy_yiuf_cottage
D:5:      first_bread, grunt_ministairs_12, corexii_hall_statues_t
D:6:      minmay_temple_entry_large_hall, nicolae_ossuary_entry_giza,
          uniq_eustachio, uniq_blork_the_orc
D:7:      elyvilon_altar_4, serial_shops, shop, hex_medium
D:8:      cheibrodos_ashenzari_chains, tgw_xom
D:9:      lemuel_zombie_altar_yredelemnul, kennysheep_mini_moat,
          trog_ov_bears_minmay, uniq_gastronok, uniq_psyche
D:10:     minmay_stone_box, hangedman_fish_farm
D:11:     due_lair_maze_entry_diamond, uniq_sonja
D:12:     orc_0_dummy, uniq_urug, uniq_harold
D:13:     library_closet, uniq_azrael
D:14:     lightli_vaults_fourway_checkpoint, minmay_parallelograms
Lair:2:   forest_paths, nicolae_volcano_entry_lava_flow
Lair:3:   minmay_shoals_entry_lonely_mermaid
Lair:4:   minmay_snake_entry_six_corridors
Lair:5:   serial_bayou_shore_a
Lair:6:   slime_dummy, grunt_forest_large_clearings
Lair:8:   evilmike_catoblepas_cave, fungi_pond_lemuel
Shoals:2: st_sunken_temple
Shoals:4: nicolae_shoals_island_circles, shoals_end_grunt_ice, shoal_ilsuiw,
          uniq_roxanne
Snake:1:  grunt_ministairs_1
Snake:2:  serial_shops, nicolae_shop_trees, nicolae_shop_scaring_up_business,
          shop_scrolls, nicolae_shop_temple_entry_statues_fountains, shop,
          grunt_megastairs_4, lemuel_fruit_tree
Snake:4:  minmay_snake_end_coiled, basic_altar, serial_bayou_shore_b,
          serial_bayou_shore_b
Orc:1:    serial_shops, shop, minmay_orc_temple_a
Orc:2:    serial_shops, nicolae_shop_stone, sword_in_stone, uniq_maud,
          uniq_rupert
Orc:3:    nicolae_orc_pool_cavern, uniq_josephine
Orc:4:    st_orc_elflike
Elf:1:    minmay_elf_demonology
Elf:2:    serial_shops, shop, mu_enter_wizlab_7, due_unseen_surprise
Elf:3:    grunt_elf_hall_diamonds
Vaults:1: v_alt_pattern_1, nicolae_vaults_puzzle_piece, hangedman_vaults_nodes,
          hangedman_vaults_capsules, hangedman_vaults_hat,
          nicolae_vaults_quadrants, v_misc_31, grunt_vaults_funnel,
          vaults_dpeg_diagonal, v_misc_17, v_misc_13,
          nicolae_vaults_shelves_hall, nicolae_trove_entry_columns, uniq_nikola,
          uniq_asterion
Vaults:2: v_pattern_5, hangedman_vaults_slice, hangedman_vaults_stagger,
          v_misc_25, vaults_mumra_hex, vaults_room_door_ring, vaults_room_pool,
          serial_shops, nicolae_shop_temple_entry_statues_fountains, uniq_wiglaf
Ossuary:  ossuary_tomb_1
Volcano:  volcano_village
WizLab:   wizlab_zonguldrok

Table legend:
 A = Turns spent in this place as a percentage of turns spent in the entire game.
 B = Non-inter-level travel turns spent in this place as a percentage of non-inter-level travel turns spent in the entire game.
 C = Inter-level travel turns spent in this place as a percentage of turns spent in this place.
 D = Turns resting spent in this place as a percentage of non-inter-level travel turns spent in this place.
 E = Turns spent auto-exploring this place as a percentage of non-inter-level travel turns spent in this place.
 F = Non-inter-level travel turns spent in this place divided by the number of levels of this place that you've seen.
                   A       B       C       D       E      F
               +-------+-------+-------+-------+-------+----------------------
         Total | 100.0 | 100.0 |   0.1 |   1.6 |   4.2 | 457.5
       Dungeon |  29.1 |  29.1 |   0.1 |   1.6 |   4.5 | 399.7
          Lair |  17.5 |  17.5 |   0.0 |   1.0 |   4.8 | 420.4
        Shoals |  10.7 |  10.7 |   0.0 |   2.8 |   4.1 | 516.0
     Snake Pit |  12.5 |  12.5 |   0.2 |   2.9 |   3.6 | 598.2
  Orcish Mines |  10.4 |  10.4 |   0.0 |   0.6 |   4.5 | 501.2
   Elven Halls |   9.6 |   9.6 |   0.1 |   1.2 |   3.6 | 616.7
        Vaults |   5.3 |   5.3 |   0.1 |   1.7 |   6.4 | 511.5
       Ossuary |   1.3 |   1.3 |   0.0 |   2.0 |   0.4 | 250.0
       Volcano |   1.0 |   1.0 |   0.0 |   0.0 |   0.0 | 198.0
        Wizlab |   2.5 |   2.5 |   0.0 |   1.1 |   0.8 | 474.0
               +-------+-------+-------+-------+-------+----------------------

Table legend:
 A = Kills in this place as a percentage of kills in entire the game.
 B = Kills by you in this place as a percentage of kills by you in the entire game.
 C = Kills by friends in this place as a percentage of kills by friends in the entire game.
 D = Other kills in this place as a percentage of other kills in the entire game.
 E = Experience gained in this place as a percentage of experience gained in the entire game.
 F = Experience gained in this place divided by the number of levels of this place that you have seen.
                   A       B       C       D       E      F
               +-------+-------+-------+-------+-------+----------------------
         Total | 100.0 | 100.0 | 100.0 | 100.0 | 100.0 | 11867.6
       Dungeon |  26.8 |  28.3 |   2.2 |   0.0 |   9.9 | 3527.0
          Lair |  17.4 |  17.4 |  17.6 |   0.0 |  10.8 | 6744.4
        Shoals |   8.5 |   8.4 |   9.9 |  33.3 |  17.8 | 22121.2
     Snake Pit |  10.2 |  10.1 |  12.1 |   0.0 |  18.8 | 23429.0
  Orcish Mines |  14.4 |  14.7 |   8.8 |   0.0 |   4.3 | 5320.0
   Elven Halls |  10.2 |   9.6 |  17.6 |  66.7 |  21.1 | 35105.7
        Vaults |   7.5 |   6.5 |  24.2 |   0.0 |  13.2 | 32919.5
       Ossuary |   2.3 |   2.5 |   0.0 |   0.0 |   0.0 | 173.0
       Volcano |   0.5 |   0.1 |   7.7 |   0.0 |   0.2 | 937.0
        Wizlab |   2.3 |   2.4 |   0.0 |   0.0 |   3.9 | 19360.0
               +-------+-------+-------+-------+-------+----------------------
